AoeStats
← Yahel

Arabia

510220012Analyzed
1v1 RM · 2d ago on Sep 30, 2026· 35m 2s· 2 players
Game mode
Random Map
Map size
Tiny (2 player)
Population
200
Speed
Normal
Resources
Standard
Victory
Conquest
Starting age
Dark Age
Ending age
Imperial Age
RankedLock teamsTeams togetherTeam positionsShared explorationLock speedFull tech treeHidden civsTurbo modeCheats
Victory
Defeat
🇨🇴 Bohemians · Colombia
1144
+18
🇧🇬 Gurjaras · Bulgaria
1195
-18
jhonedisonrp
6:56 Loom
9:54 Feudal Age
9:56 Man-at-Arms
10:32 Double-Bit Axe
15:25 Fletching
16:03 Padded Archer Armor
22:14 Wheelbarrow
24:56 Castle Age
25:02 Crossbowman
25:53 Bodkin Arrow
29:17 Chemistry
29:26 Horse Collar
32:23 Scale Barding Armor
Yahel
3:02 Loom
9:09 Feudal Age
9:39 Double-Bit Axe
9:50 Horse Collar
23:34 Castle Age
22:06 Fletching
22:51 Padded Archer Armor
26:45 Elite Skirmisher
30:22 Wheelbarrow
Connection lost

Rejoining the realm…

Still unreachable

The connection could not be restored.

Session expired

The server has moved on; the page needs a fresh start.